 Dungeon Crawl Stone Soup version 0.32-a0-450-g080537f31e (webtiles) character file.

Game seed: 8690994586417515007

1022 retardedninja the Covered (level 8, -4/70 HPs)
             Began as a Mountain Dwarf Fighter on Feb 23, 2024.
             Was a Priest of Cheibriados.
             Slain by a wyvern (5 damage)
             ... on level 6 of the Dungeon.
             The game lasted 00:05:15 (4762 turns).

retardedninja the Covered (Mountain Dwarf Fighter)  Turns: 4762, Time: 00:05:16

Health: -4/70      AC: 15    Str: 27    XL:     8   Next: 2%
Magic:  8/8        EV:  8    Int: 15    God:    Cheibriados [***...]
Gold:   325        SH:  6    Dex: 15    Spells: 7/7 levels left

rFire   . . .        a - +0 war axe
rCold   . . .        c - +0 buckler
rNeg    . . .        s - +0 chain mail
rPois   .            (no helmet)
rElec   .            (no cloak)
rCorr   .            (no gloves)
SInv    .            t - +0 pair of boots
Will    .....        (no amulet) Stlth
                     h - +4 ring of protection
HPRegen 0.31/turn    (no ring)
MPRegen 0.11/turn

%: no passive effects
@: very slow
A: runic magic, artefact enchanting
a: Renounce Religion, Bend Time, Temporal Distortion


You were on level 6 of the Dungeon.
You worshipped Cheibriados.
Cheibriados was most pleased with you.
You visited 2 branches of the dungeon, and saw 7 of its levels.
You also visited: Sewer.

You collected 325 gold pieces.

Inventory:

Hand Weapons
 a - a +0 war axe (weapon)
Armour
 c - a +0 buckler (worn)
 s - a +0 chain mail (worn)
 t - a +0 pair of boots (worn)
Jewellery
 h - a +4 ring of protection (left hand)
 k - a +6 ring of intelligence
 l - an amulet of magic regeneration
Talismans
 g - a granite talisman
Scrolls
 e - 3 scrolls of poison {unknown}
 f - 5 scrolls of identify {unknown}
 j - a scroll of revelation {unknown}
 m - 3 scrolls of fear {unknown}
 n - a scroll of vulnerability {unknown}
 o - 2 scrolls of teleportation {unknown}
 p - a scroll of brand weapon {unknown}
 u - a scroll of enchant weapon {unknown}
 w - 3 scrolls of noise {unknown}
Potions
 b - a potion of attraction {unknown}
 d - 4 potions of might
 i - a potion of invisibility {unknown}
 q - 2 potions of heal wounds {unknown}
 r - 3 potions of enlightenment {unknown}
 v - a potion of resistance {unknown}
 x - a potion of magic {unknown}
 z - a potion of mutation {unknown}
 A - a potion of brilliance {unknown}
 B - a potion of berserk rage {unknown}


   Skills:
 + Level 6.0 Fighting
 + Level 6.0 Axes
 + Level 6.1 Armour
 + Level 6.0 Shields


You had 7 spell levels left.
You didn't know any spells.
Your spell library contained the following spells:

 Spells                   Type           Power      Damage    Failure   Level
 Sting                    Conj/Alch      0%         1d3       41%         1
 Ensorcelled Hibernation  Hex/Ice        0%         N/A       56%         2
 Mercury Vapours          Alch/Air       0%         N/A       56%         2
 Static Discharge         Conj/Air       0%         3-3/arc   56%         2
 Sublimation of Blood     Necr           0%         N/A       56%         2
 Mephitic Cloud           Conj/Alch/Air  0%         N/A       80%         3
 Passwall                 Erth           0%         N/A       80%         3
 Summon Ice Beast         Ice/Summ       0%         N/A       80%         3
 Swiftness                Air            0%         N/A       80%         3
 Airstrike                Air            0%         2d(0-16)  99%         4
 Olgreb's Toxic Radiance  Alch           0%         N/A       99%         4
 Petrify                  Alch/Erth      0%         N/A       99%         4
 Summon Lightning Spire   Summ/Air       0%         N/A       99%         4
 Freezing Cloud           Conj/Ice/Air   0%         6-21      100%        5
 Irradiate                Conj/Alch      0%         3d11      100%        5
 Summon Mana Viper        Hex/Summ       0%         N/A       100%        5
 Monstrous Menagerie      Summ           0%         N/A       100%        7


Dungeon Overview and Level Annotations

Branches:
Dungeon (6/15)             Temple (1/1) D:4           Sewer (visited)

Altars:
Cheibriados
Dithmenos
Elyvilon
Fedhas
Gozag
Hepliaklqana
Makhleb
Nemelex Xobeh
Okawaru
Qazlal
Ru
Sif Muna
Trog
Uskayaw
Xom
Yredelemnul
Zin
The Shining One


Innate Abilities, Weirdness & Mutations

Your spellcasting is much less encumbered by armour.
You can use scrolls of enchantment on lesser artefacts.


Message History

The wyvern closely misses you.
You completely miss the wyvern.
The wyvern is severely wounded.
The wyvern bites you but does no damage.
The wyvern bites you.
You hit the wyvern.
The wyvern is almost dead.
The wyvern bites you but does no damage.
The wyvern bites you!
You are too injured to fight recklessly!
You are too injured to fight recklessly!
You are too injured to fight recklessly!
You are too injured to fight recklessly!
You are too injured to fight recklessly!
You are too injured to fight recklessly!
You are too injured to fight recklessly!
You are too injured to fight recklessly!
A wyvern is nearby!
A wyvern is nearby!
You hit the wyvern but do no damage.
The wyvern is almost dead.
The wyvern bites you! x2
You barely miss the wyvern.
The wyvern is almost dead.
The wyvern bites you but does no damage.
The wyvern bites you.
You hit the wyvern but do no damage.
The wyvern is almost dead.
The wyvern bites you!
* * * LOW HITPOINT WARNING * * *
The wyvern closely misses you.
You completely miss the wyvern.
The wyvern is almost dead.
The wyvern bites you!
* * * LOW HITPOINT WARNING * * *
You barely miss the wyvern.
The wyvern is almost dead.
The wyvern barely misses you. The wyvern bites you.
You die...
Cheibriados appreciates the motionlessness of death.

#...# #(..# #...# #...#
#...# ####### #...#
....... #...#
.......#####...#########
......k@................
.......#####...####.####
....... ##### #.....
....... #####' .......
#... ....... #...
######. #... #. #...
#...


You could see a wyvern.

Vanquished Creatures
  A centaur (D:3)
  A phantom (D:4)
  2 kobold brigands (Sewer)
  A gnoll sergeant (D:5)
  3 scorpions
  A bombardier beetle (D:5)
  3 jellies
  An iguana (D:5)
  2 scorpion zombies (D:3)
  7 adders
  5 gnolls (D:5)
  6 river rats (Sewer)
  2 white imps (D:5)
  2 ufetubi (D:5)
  2 dart slugs (D:2)
  3 ribbon worms
  3 orcs
  12 ball pythons
  7 endoplasms
  4 giant cockroaches
  A hobgoblin (D:3)
  7 jackals (D:3)
  22 kobolds
  2 quokkas
  4 bats
  3 frilled lizards
  A giant cockroach zombie (D:3)
  A goblin (D:2)
  A quokka zombie (D:3)
  28 rats
138 creatures vanquished.

Notes
Turn   | Place    | Note
-------+----------+-------------------------------------------
     0 | D:1      | retardedninja the Mountain Dwarf Fighter began the quest
                  | for the Orb.
     0 | D:1      | Reached XP level 1. HP: 19/19 MP: 1/1
   235 | D:1      | Reached XP level 2. HP: 19/26 MP: 2/2
   442 | D:1      | Found a faded altar of an unknown god.
   979 | D:2      | You fall into a shaft and drop 1 floor!
   995 | D:3      | Reached XP level 3. HP: 32/33 MP: 3/3
  1036 | D:3      | Noticed a centaur
  1045 | D:3      | Killed a centaur
  1046 | D:3      | Reached XP level 4. HP: 36/40 MP: 4/4
  1302 | D:3      | Reached XP level 5. HP: 41/46 MP: 5/5
  1319 | D:3      | Found a basalt altar of Yredelemnul.
  2141 | D:4      | Found a shadowy altar of Dithmenos.
  2203 | D:4      | Noticed a phantom
  2218 | D:4      | Killed a phantom
  2219 | D:4      | Reached XP level 6. HP: 46/53 MP: 6/6
  2477 | D:4      | Found a staircase to the Ecumenical Temple.
  2489 | Temple   | Entered the Ecumenical Temple
  2498 | Temple   | Became a worshipper of Cheibriados the Contemplative
  2583 | D:5      | Entered Level 5 of the Dungeon
  2604 | D:5      | Reached skill level 5 in Armour
  2604 | D:5      | Reached skill level 5 in Shields
  2668 | D:5      | Reached skill level 5 in Fighting
  2768 | D:5      | Found a glowing drain.
  2782 | Sewer    | Entered a sewer
  2860 | Sewer    | Reached skill level 5 in Axes
  2860 | Sewer    | Reached XP level 7. HP: 59/61 MP: 7/7
  2860 | Sewer    | Reached * piety under Cheibriados
  2977 | Sewer    | Reached ** piety under Cheibriados
  4172 | D:5      | Found a stormy altar of Qazlal.
  4172 | D:5      | Found a glowing golden altar of the Shining One.
  4277 | D:5      | Reached *** piety under Cheibriados
  4366 | D:5      | Reached XP level 8. HP: 69/70 MP: 8/8
  4761 | D:6      | HP: 1/70 [wyvern (10)]
  4762 | D:6      | Slain by a wyvern

Illustrated notes

Levels and vault maps discovered:
D:1:      wheals_arrival_linesprint, layout_loops_cross, basic_ecumenical_altar,
          minmay_statues_item
D:2:      layout_rooms
D:3:      layout_rooms, nicolae_yredelemnul_corpse_copse, minmay_misc_feat_rows
D:4:      layout_basic, kennysheep_mini_moat, minmay_temple_entry_fiery
D:5:      layout_basic, amethyst_overflow_temple_binary,
          cheibrodos_sewer_entry_drain, chequers_serial_rivers_large_a,
          nrook_mini_backslash, chequers_garden, kennysheep_cross_room,
          chequers_serial_rivers_room_b
D:6:      layout_basic, hangedman_decor_growths
Temple:   nicolae_temple_ecumenical_triangle

Skill      XL: |  1  2  3  4  5  6  7 |
---------------+----------------------+-----
Axes           | 3 4 5 6 |  6.0
Fighting       | 4 5 6 |  6.0
Armour         | 4 5 6 |  6.1
Shields        | 4 5 6 |  6.0

Action                     |  1- 3 |  4- 6 |  7- 9 || total
---------------------------+-------+-------+-------++-------
  Melee: War axe           |    74 |   178 |   134 ||   386
    Use: Potion            |       |     1 |       ||     1
 Armour: Scale mail        |    51 |    74 |       ||   125
         Chain mail        |       |    50 |   163 ||   213
  Dodge: Dodged            |    43 |   104 |    60 ||   207
  Block: Buckler           |    16 |    57 |    60 ||   133

Table legend: (Time is in decaauts)
 A = Elapsed time spent in this place.
 B = Non-inter-level travel time spent in this place.
 C = Inter-level travel time spent in this place.
 D = Time resting spent in this place.
 E = Time spent auto-exploring this place.
 F = Levels seen in this place.
 G = Mean time per level.
                   A        B        C        D        E       F      G
               +--------+--------+--------+--------+--------+-----+--------+
         Total |   5639 |   5367 |    272 |      0 |   4358 |   8 |  704.9 |
       Dungeon |   4494 |   4233 |    261 |      0 |   3507 |   6 |  749.0 |
        Temple |     21 |     11 |     10 |      0 |      0 |   1 |   21.0 |
         Sewer |   1123 |   1123 |      0 |      0 |    850 |   1 | 1123.0 |
               +--------+--------+--------+--------+--------+-----+--------+

Top non-repeatable levels by time:
     D:5: 1744 daAuts
   Sewer: 1123 daAuts
     D:1: 890 daAuts
     D:2: 617 daAuts
     D:3: 584 daAuts
     D:4: 565 daAuts
     D:6: 92 daAuts
  Temple: 21 daAuts
